 Dungeon Crawl Stone Soup version 0.24.0-13-gcf9b319 (webtiles) character file.

Game seed: 16994339660718017698, levelgen mode: deterministic

109 Bronimir the Firebug (level 4, 0/40 HPs)
             Began as an Ogre Fire Elementalist on Apr 15, 2020.
             Slain by an orc
             ... wielding a +0 war axe
              (2 damage)
             ... on level 2 of the Dungeon.
             The game lasted 00:05:43 (3266 turns).

Bronimir the Firebug (Ogre Fire Elementalist)       Turns: 3266, Time: 00:05:44

Health: 0/40       AC:  3    Str: 13    XL:     4   Next: 90%
Magic:  4/8        EV: 10    Int: 16    God:
Gold:   45         SH:  0    Dex:  9    Spells: 3/9 levels left

rFire    . . .     SeeInvis .   f - +0 club
rCold    . . .     Gourm    .   (no shield)
rNeg     . . .     Faith    .   a - +0 robe
rPois    .         Spirit   .   (helmet restricted)
rElec    .         Reflect  .   (no cloak)
rCorr    .         Harm     .   (gloves unavailable)
MR       .....                  (boots unavailable)
Stlth    +.........             (no amulet)
HPRegen  0.13/turn              (no ring)
MPRegen  0.11/turn              (no ring)

@: no status effects
A: large, unfitting armour, tough skin 1
a: no special abilities


You were on level 2 of the Dungeon.
You were not hungry.

You visited 1 branch of the dungeon, and saw 3 of its levels.

You collected 45 gold pieces.

Inventory:

Hand Weapons
 f - a +0 club (weapon)
 j - a +0 hunting sling
Missiles
 d - 100 stones
 g - 66 bolts
 m - 5 javelins (quivered)
 q - 21 arrows
Armour
 a - a +0 robe (worn)
Jewellery
 r - a cursed ring of teleportation {unknown}
Scrolls
 e - 2 scrolls of teleportation {unknown}
 k - a scroll of amnesia {unknown}
 l - 3 scrolls of remove curse {unknown}
 n - a scroll of fear {unknown}
 p - a scroll of identify {unknown}
Potions
 b - 2 potions of heal wounds {unknown}
 h - a potion of curing {unknown}
 i - a potion of brilliance {unknown}
 o - a potion of lignification {unknown}
Comestibles
 c - 3 rations


   Skills:
 + Level 0.7 Fighting
 + Level 0.3 Maces & Flails
 + Level 0.9 Throwing
 + Level 2.3 Dodging
 - Level 1.4 Stealth
 + Level 0.1 Unarmed Combat
 * Level 3.3 Spellcasting
 * Level 1.8 Conjurations
 * Level 3.4 Fire Magic


You had 3 spell levels left.
You knew the following spells:

 Your Spells              Type           Power        Failure   Level  Hunger
a - Flame Tongue          Conj/Fire      ##...        6%          1    None
b - Throw Flame           Conj/Fire      ##....       10%         2    ##.....
c - Conjure Flame         Conj/Fire      ##......     19%         3    ###....

Your spell library contained the following spells:

 Spells                   Type           Power        Failure   Level  Hunger
 Inner Flame              Hex/Fire       #.......     26%         3    ###....
 Sticky Flame             Conj/Fire      ##......     52%         4    ####...
 Fireball                 Conj/Fire      ##........   86%         5    ######.


Dungeon Overview and Level Annotations

Branches:
Dungeon (3/15)

Altars:
Ashenzari
Cheibriados
Dithmenos
Sif Muna
Yredelemnul
The Shining One

Annotations:
D:3 Terence


Innate Abilities, Weirdness & Mutations

You are too large for most types of armour.
You have tough skin. (AC +1)


Message History

Casting: Flame Tongue (safe; 6% risk of failure)
Confirm with . or Enter, or press ? or * to list all spells.
Aiming: Flame Tongue (safe; 6% risk of failure)
Press: ? - help, Shift-Dir - straight line, f/p - orc
Aim: an orc, wielding a +0 hand axe and wearing a +0 leather armour (heavily wounded)
The flame tongue hits the orc but does no damage.
The orc is heavily wounded.
The orc barely misses you. The orc hits you with a +0 war axe.
* * * LOW HITPOINT WARNING * * *
Casting: Flame Tongue (safe; 6% risk of failure)
Confirm with . or Enter, or press ? or * to list all spells.
Aiming: Flame Tongue (safe; 6% risk of failure)
Press: ? - help, Shift-Dir - straight line, f/p - orc
Aim: an orc, wielding a +0 hand axe and wearing a +0 leather armour (heavily wounded)
The flame tongue hits the orc.
The orc is severely wounded.
The orc hits you with a +0 hand axe.
* * * LOW HITPOINT WARNING * * *
The orc hits you with a +0 war axe.
You die...

..#.### #....)...#.#
###.# #........#.#
_+..# #........#.#
##### #........#.#
..# #........#.# ..#
#........#.# ..#
########.#.#
..##############o#.#
#..............o@#.#
#.################.#
#.##...............#
#.##.###############
#.##.# #.##.# #.##.#
#.##.# #....#


You could see 2 orcs.

Vanquished Creatures
  A hound (D:2)
  An adder (D:2)
  An ooze (D:2)
  2 worms (D:2)
  A dart slug (D:2)
  2 leopard geckos (D:1)
  An orc (D:2)
  8 bats
  4 giant cockroaches
  9 goblins
  3 hobgoblins
  7 jackals (D:2)
  2 quokkas (D:2)
  A frilled lizard (D:2)
  4 kobolds
  6 rats
53 creatures vanquished.

Notes
Turn   | Place    | Note
-------+----------+-------------------------------------------
     0 | D:1      | Bronimir the Ogre Fire Elementalist began the quest for the
                  | Orb.
     0 | D:1      | Reached XP level 1. HP: 16/16 MP: 3/3
   354 | D:1      | Reached XP level 2. HP: 24/24 MP: 2/5
   995 | D:1      | Reached skill level 1 in Conjurations
  1069 | D:1      | Learned a level 2 spell: Throw Flame
  1108 | D:1      | Reached XP level 3. HP: 31/31 MP: 7/7
  1879 | D:2      | Found a shattered altar of Ashenzari.
  2207 | D:2      | Reached XP level 4. HP: 27/40 MP: 0/8
  2351 | D:2      | Found a glowing golden altar of the Shining One.
  2531 | D:2      | Learned a level 3 spell: Conjure Flame
  2863 | D:2      | Found a shadowy altar of Dithmenos.
  2863 | D:2      | Found a shimmering blue altar of Sif Muna.
  2863 | D:2      | Found a snail-covered altar of Cheibriados.
  2864 | D:2      | Found a basalt altar of Yredelemnul.
  3249 | D:3      | Noticed Terence
  3266 | D:2      | HP: 2/40 [orc/+0 hand axe (6)]
  3266 | D:2      | Slain by an orc

Levels and vault maps discovered:
D:1:      minmay_arrival_plants_in_alcoves, layout_basic
D:2:      layout_basic, ashenzari_conservatory_becter,
          nicolae_tso_swordbearing_angel, grunt_temple_overflow_open
D:3:      layout_basic, minmay_misc_feat_alley, grunt_ministairs_8,
          minmay_misc_feat_roman, uniq_sigmund, uniq_purgy, uniq_terence,
          uniq_ijyb

Skill      XL: |  1  2  3 |
---------------+----------+-----
Dodging        | 2 |  2.3
Fire Magic     | 3 |  3.4
Conjurations   | 1 |  1.8
Spellcasting   | 3 |  3.3
Fighting       | |  0.7
Maces & Flails | |  0.3
Throwing       | |  0.9
Stealth        | |  1.4
Unarmed Combat | |  0.1

Action                   |  1- 3 |  4- 6 || total
-------------------------+-------+-------++-------
Melee: Unarmed           |    17 |       ||    17
       Club              |    25 |    13 ||    38
Throw: Javelin           |    25 |     6 ||    31
       Stone             |     6 |     4 ||    10
 Cast: Flame Tongue      |    48 |    39 ||    87
  Eat: Chunk             |     3 |     4 ||     7
Armor: Robe              |    36 |    15 ||    51
Dodge: Dodged            |    78 |    40 ||   118
